 Dungeon Crawl Stone Soup version 0.30-a0-591-g3c58d2bc28 (webtiles) character file.

Game seed: 1735136571250593210

105 bande the Covered (level 4, -8/29 HPs)
             Began as a Gargoyle Fighter on Jan 5, 2023.
             Killed from afar by a hobgoblin (10 damage)
             ... with a bolt of acid
             ... on level 3 of the Dungeon.
             The game lasted 00:03:04 (1876 turns).

bande the Covered (Gargoyle Fighter)                Turns: 1876, Time: 00:03:05

Health: -8/29      AC: 11    Str: 20    XL:     4   Next: 81%
Magic:  4/4        EV:  5    Int:  8    God:
Gold:   114        SH:  4    Dex: 11    Spells: 3/3 levels left

rFire   . . .      SeeInvis .    a - +0 war axe
rCold   . . .      Faith    .    c - +0 buckler
rNeg    + . .      Spirit   .    p - +0 plate armour
rPois   ∞          Reflect  .    (no helmet)
rElec   +          Harm     .    (no cloak)
rCorr   .          Rampage  .    (no gloves)
Will    .....                    (no boots) Stlth
                                 (no amulet)
HPRegen 0.24/turn                (no ring)
MPRegen 0.09/turn                (no ring)

@: corroded
A: sickness immunity, AC +3, negative energy resistance 1, electricity
resistance, torment resistance 1, petrification resistance
a: no special abilities


You were on level 3 of the Dungeon.
You visited 1 branch of the dungeon, and saw 3 of its levels.

You collected 114 gold pieces.

Inventory:

Hand Weapons
 a - a +0 war axe (weapon)
Armour
 c - a +0 buckler (worn)
 p - a +0 plate armour (worn)
Jewellery
 n - a ring of wizardry
 q - a ring of ice
Scrolls
 b - a scroll of enchant weapon {unknown}
 e - 4 scrolls of teleportation {unknown}
 g - 2 scrolls of identify {unknown}
 h - a scroll of enchant armour {unknown}
 i - a scroll of poison {unknown}
 j - 2 scrolls of fog {unknown}
 k - a scroll of blinking {unknown}
 l - 3 scrolls of vulnerability {unknown}
 o - a scroll of magic mapping {unknown}
Potions
 d - a potion of might
 f - a potion of flight {unknown}
 m - a potion of ambrosia {unknown}
 r - a potion of heal wounds {unknown}


   Skills:
 + Level 3.9 Fighting
 + Level 3.2 Axes
 + Level 4.0 Armour
 + Level 3.6 Shields


You had 3 spell levels left.
You didn't know any spells.
Your spell library contained the following spells:

 Spells                   Type           Power      Damage    Failure   Level
 Anguish                  Hex/Necr       0%         N/A       100%        4
 Enfeeble                 Hex            0%         N/A       100%        7
 Chain Lightning          Conj/Air       0%         N/A       100%        9
 Fire Storm               Conj/Fire      0%         5d1       100%        9
 Shatter                  Erth           0%         3d5*      100%        9


Dungeon Overview and Level Annotations

Branches:
Dungeon (3/15)

Altars:
Vehumet


Innate Abilities, Weirdness & Mutations

You are immune to sickness and miasma.
Your stone body is resilient. (AC +3)
You are immune to poison.
You resist negative energy. (rN+)
You are resistant to electric shocks. (rElec)
You are resistant to unholy torment.
You are immune to petrification.


Message History

r - a puce potion A worm comes into view.
A worm is nearby!
A hobgoblin comes into view. It is carrying a wand of acid (7).
The hobgoblin shouts!
The hobgoblin drinks a potion.
The hobgoblin seems to speed up.
The worm bites you but does no damage.
You hit the worm.
The worm is lightly wounded.
The hobgoblin zaps a wand.
The bolt of acid hits you! The worm bites you but does no damage.
You hit the worm.
The worm is moderately wounded.
The hobgoblin zaps a wand.
The bolt of acid hits you. The acid corrodes you! The worm bites you.
You are too injured to fight recklessly!
You are too injured to fight recklessly!
You are too injured to fight recklessly!
You are too injured to fight recklessly!
You are too injured to fight recklessly!
You are too injured to fight recklessly!
You are too injured to fight recklessly!
You are too injured to fight recklessly!
You are too injured to fight recklessly!
The hobgoblin throws a stone.
The stone hits you but does no damage.
You hit the hobgoblin but do no damage. You hit the worm.
The hobgoblin hits you but does no damage.
The worm bites you.
The hobgoblin zaps a wand.
The bolt of acid hits you!
* * * LOW HITPOINT WARNING * * *
The acid corrodes you!
You completely miss the hobgoblin. You hit the worm. The hobgoblin hits you.
* * * LOW HITPOINT WARNING * * *
A frilled lizard comes into view.
The hobgoblin hits you but does no damage.
The worm bites you but does no damage.
The frilled lizard hisses angrily.
You hit the hobgoblin.
The hobgoblin is almost dead.
You hit the worm.
The hobgoblin zaps a wand.
The bolt of acid hits you!
You die...

#...... ....l...#
#...... ........#
#...... ........#
#...... ........#
#...... ........#
#...... ........#
#...... .......g#
#......
.......@##########......
###...w.................
#################.....
######


You could see a worm, a hobgoblin (fast) and a frilled lizard.

Vanquished Creatures
  3 adders
  A worm (D:3)
  6 dart slugs
  An orc (D:3)
  6 ball pythons
  A bat (D:1)
  4 endoplasms
  3 giant cockroaches
  5 goblins
  7 hobgoblins
  7 jackals
  A quokka (D:3)
  A frilled lizard (D:2)
  7 kobolds
  A rat (D:1)
54 creatures vanquished.

Notes
Turn   | Place    | Note
-------+----------+-------------------------------------------
     0 | D:1      | bande the Gargoyle Fighter began the quest for the Orb.
     0 | D:1      | Reached XP level 1. HP: 14/14 MP: 1/1
   131 | D:1      | Reached XP level 2. HP: 14/19 MP: 2/2
   274 | D:1      | Reached XP level 3. HP: 21/23 MP: 3/3
   521 | D:2      | Found a faded altar of an unknown god.
  1031 | D:2      | Reached XP level 4. HP: 29/29 MP: 4/4
  1412 | D:3      | Reached skill level 4 in Armour
  1623 | D:3      | Found a faded altar of an unknown god.
  1628 | D:3      | Found a radiant altar of Vehumet.
  1876 | D:3      | Killed from afar by a hobgoblin

Illustrated notes

Levels and vault maps discovered:
D:1:      eino_arrival_water_cross, layout_basic
D:2:      layout_loops_ring, shapermc_ecumenical_altar_pompeii,
          grunt_ministairs_4, hangedman_decor_clover_reticule
D:3:      layout_basic, nicolae_overflow_ecumenical_swirl, goddamned_bats

Skill      XL: |  1  2  3  4 |
---------------+-------------+-----
Axes           | 2 3 |  3.2
Armour         | 4 |  4.0
Fighting       | |  3.9
Shields        | |  3.6

Action                   |  1- 3 |  4- 6 || total
-------------------------+-------+-------++-------
Melee: War axe           |    92 |    49 ||   141
Armor: Scale mail        |    45 |       ||    45
       Plate armour      |     7 |    44 ||    51
Dodge: Dodged            |    43 |    12 ||    55
Block: Buckler           |    17 |    10 ||    27

Table legend: (Time is in decaauts)
 A = Elapsed time spent in this place.
 B = Non-inter-level travel time spent in this place.
 C = Inter-level travel time spent in this place.
 D = Time resting spent in this place.
 E = Time spent auto-exploring this place.
 F = Levels seen in this place.
 G = Mean time per level.
                   A        B        C        D        E       F      G
               +--------+--------+--------+--------+--------+-----+--------+
         Total |   1932 |   1843 |     89 |      0 |   1463 |   3 |  644.0 |
       Dungeon |   1932 |   1843 |     89 |      0 |   1463 |   3 |  644.0 |
               +--------+--------+--------+--------+--------+-----+--------+

Top non-repeatable levels by time:
     D:2: 812 daAuts
     D:3: 583 daAuts
     D:1: 537 daAuts
